 Dungeon Crawl Stone Soup version 0.30-a0-341-g682706514a (webtiles) character file.

Game seed: 4731833648389545336

115 Decritt the Trooper (level 4, -8/37 HPs)
             Began as a Demonspawn Cinder Acolyte on Nov 4, 2022.
             Was a High Priest of Ignis.
             Mangled by an ogre
             ... wielding a +0 giant spiked club
              (25 damage)
             ... on level 3 of the Dungeon.
             The game lasted 00:04:23 (1768 turns).

Decritt the Trooper (Demonspawn Cinder Acolyte)     Turns: 1768, Time: 00:04:23

Health: -8/37      AC:  8    Str: 16    XL:     4   Next: 68%
Magic:  5/5        EV: 10    Int: 16    God:    Ignis [*****.]
Gold:   138        SH:  5    Dex: 10    Spells: 5/5 levels left

rFire   + . .      SeeInvis +    p - +2 spear (vamp)
rCold   . . .      Faith    .    (no shield)
rNeg    . . .      Spirit   .    v - +0 ring mail
rPois   .          Reflect  +    (no helmet)
rElec   .          Harm     .    n - +0 cloak
rCorr   .          Rampage  .    u - +1 pair of gloves
Will    +....                    (no boots)
Stlth   +.........               i - amulet of reflection
HPRegen 0.26/turn                m - ring of willpower
MPRegen 0.09/turn                k - ring of see invisible

@: no status effects
A: thin skeletal structure 1
a: Renounce Religion, Fiery Armour, Foxfire Swarm, Rising Flame


You were on level 3 of the Dungeon.
You worshipped Ignis.
Ignis was extremely pleased with you.
You visited 1 branch of the dungeon, and saw 3 of its levels.

You collected 138 gold pieces.

Inventory:

Hand Weapons
 a - a -1 hand axe of flaming
 p - a +2 vampiric spear (weapon)
Armour
 n - a +0 cloak (worn)
 u - a +1 pair of gloves (worn)
 v - a +0 ring mail (worn)
Jewellery
 h - a ring of protection from fire
 i - an amulet of reflection (around neck)
 k - a ring of see invisible (right hand)
 m - a ring of willpower (left hand)
Scrolls
 d - 10 scrolls of identify {unknown}
 e - 2 scrolls of fear {unknown}
 g - a scroll of amnesia {unknown}
 l - a scroll of teleportation {unknown}
 o - 2 scrolls of brand weapon {unknown}
 r - a scroll of noise {unknown}
 s - a scroll of silence {unknown}
Potions
 c - a potion of mutation {unknown}
 f - a potion of curing {unknown}
 j - a potion of invisibility {unknown}
 t - a potion of lignification {unknown}


   Skills:
 * Level 3.9 Fighting
 * Level 3.6 Axes
 + Level 1.3 Armour
 + Level 1.3 Dodging
 - Level 1.0 Spellcasting
 - Level 2.6 Fire Magic


You had 5 spell levels left.
You didn't know any spells.
Your spell library contained the following spells:

 Spells                   Type           Power      Damage    Failure   Level
 Scorch                   Fire           18%        2d5       22%         2
 Cigotuvi's Dreadful Rot  Necr/Pois/Air  0%         N/A       54%         2
 Dispel Undead            Necr           0%         3d6       99%         4
 Death Channel            Necr           0%         N/A       100%        6


Dungeon Overview and Level Annotations

Branches:
Dungeon (3/15)

Altars:


Innate Abilities, Weirdness & Mutations

You have a somewhat thin skeletal structure. (Dex +2, Stealth+)


Message History

The endoplasm is almost dead.
You block the endoplasm's attack.
You puncture the endoplasm!
You kill the endoplasm!
No target in view!
No target in view!
d - 10 scrolls labelled DENAOV MEQYD (gained 3)
There is an open door here.
Things that are here:
a +0 mace; a +0 flail; an orc corpse A kobold comes into view.
It is wielding a +0 dagger.
An ogre comes into view. It is wielding a +0 giant spiked club.
The kobold shouts!
You reach to attack!
You hit the kobold.
You kill the kobold!
No target in view!
No target in view!
No target in view!
You hit the ogre.
The ogre is lightly wounded.
You block the ogre's attack.
You hit the ogre.
The ogre is moderately wounded.
The ogre hits you with a +0 giant spiked club!
You hit the ogre.
The ogre is moderately wounded.
You hit the ogre.
You feel better.
The ogre is heavily wounded.
The ogre closely misses you.
You hit the ogre.
You feel better.
The ogre is heavily wounded.
The ogre hits you with a +0 giant spiked club!
* * * LOW HITPOINT WARNING * * *
You hit the ogre.
You feel better.
The ogre is severely wounded.
You hit the ogre.
You feel better.
The ogre is severely wounded.
The ogre hits you with a +0 giant spiked club!!
Ouch! That really hurt!
You die...

########### .
#.........##### .
#.........#...#######.
.##.........#...........
........................
........................
....#...#.#.............
....###.#.#.............
......#.#.#.....@O......
....#.#.#.#.....#.##....
##)##...#.#.....#... #
.).######....)..#.##.#
..## ####....#.# # ..#
#....#.. ..## #....#..
...... #....##. .......
#....#


You could see an ogre.

Vanquished Creatures
  3 gnolls (D:2)
  2 adders (D:2)
  A worm (D:2)
  3 dart slugs
  4 orcs (D:3)
  4 bats
  8 endoplasms
  A giant cockroach (D:2)
  4 goblins
  4 hobgoblins
  3 jackals (D:1)
  A kobold (D:3)
  3 quokkas
  7 ball pythons
  3 rats
51 creatures vanquished.

Vanquished Creatures (others)
  4 fungi (D:2)
4 creatures vanquished.

Grand Total: 55 creatures vanquished

Notes
Turn   | Place    | Note
-------+----------+-------------------------------------------
     0 | D:1      | Decritt the Demonspawn Cinder Acolyte began the quest for
                  | the Orb.
     0 | D:1      | Reached XP level 1. HP: 18/18 MP: 2/2
   194 | D:1      | Gained mutation: You have a somewhat thin skeletal
                  | structure. (Dex +2, Stealth+) [demonic ancestry]
   194 | D:1      | Reached XP level 2. HP: 21/24 MP: 3/3
   531 | D:1      | Reached XP level 3. HP: 25/29 MP: 4/4
  1178 | D:2      | Reached skill level 1 in Dodging
  1202 | D:2      | Reached skill level 1 in Armour
  1211 | D:2      | Reached XP level 4. HP: 28/37 MP: 5/5
  1384 | D:2      | Found a faded altar of an unknown god.
  1756 | D:3      | Noticed an ogre
  1768 | D:3      | Mangled by an ogre

Illustrated notes

Levels and vault maps discovered:
D:1:      lightli_iron_boxes, layout_loops_ring, minmay_misc_feat_nine_boxes,
          minmay_heptomino_d4
D:2:      layout_loops_ring, shapermc_ecumenical_altar_ellora,
          kennysheep_decorative_pillar
D:3:      layout_basic, serial_shops, nicolae_lakefront_shop, uniq_grinder

Skill      XL: |  1  2  3 |
---------------+----------+-----
Axes           | 3 |  3.6
Dodging        | 1 |  1.3
Armour         | 1 |  1.3
Fighting       | |  3.9
Spellcasting   | |  1.0
Fire Magic     | |  2.6

Action                   |  1- 3 |  4- 6 || total
-------------------------+-------+-------++-------
Melee: Hand axe          |    83 |       ||    83
       Spear             |    34 |    73 ||   107
       Punch             |       |     3 ||     3
 Stab: Sleeping          |     9 |     2 ||    11
Armor: Robe              |    14 |       ||    14
       Leather armour    |     7 |     4 ||    11
       Ring mail         |       |     9 ||     9
Dodge: Dodged            |    74 |    21 ||    95
Block: Other             |    17 |    11 ||    28

Table legend: (Time is in decaauts)
 A = Elapsed time spent in this place.
 B = Non-inter-level travel time spent in this place.
 C = Inter-level travel time spent in this place.
 D = Time resting spent in this place.
 E = Time spent auto-exploring this place.
 F = Levels seen in this place.
 G = Mean time per level.
                   A        B        C        D        E       F      G
               +--------+--------+--------+--------+--------+-----+--------+
         Total |   1777 |   1691 |     86 |     34 |   1210 |   3 |  592.3 |
       Dungeon |   1777 |   1691 |     86 |     34 |   1210 |   3 |  592.3 |
               +--------+--------+--------+--------+--------+-----+--------+

Top non-repeatable levels by time:
     D:2: 869 daAuts
     D:1: 802 daAuts
     D:3: 105 daAuts
